| TOP OF THE 1ST |
|
Chicago White Sox batting - Pitching for Houston Astros : LHP Mat Pear
|
|
Pitching: LHP Mat Pear
|
|
|
Batting: RHB Dieter Knoops
|
0-0: Swinging Strike 0-1: Ball 1-1: Called Strike 1-2: Strikes out looking
|
|
Batting: SHB Marvin McAleer
|
0-0: Called Strike 0-1: Called Strike 0-2: Strikes out looking
|
|
Batting: LHB Randy Rosenberry
|
0-0: Ground out 1-3 (Groundball, 34S, EV 71.2 MPH)
|
| Top of the 1st over - 0 runs, 0 hits, 0 errors, 0 left on base; Chicago 0 - Houston 0 |
| BOTTOM OF THE 1ST |
|
Houston Astros batting - Pitching for Chicago White Sox : RHP Adam Ratcliff
|
|
Pitching: RHP Adam Ratcliff
|
|
|
Batting: LHB Josh Corkery
|
0-0: Ball 1-0: Swinging Strike 1-1: Foul Ball, location: 2F 1-2: Strikes out swinging
|
|
Batting: RHB Jeremy Trump
|
0-0: Ball 1-0: Swinging Strike 1-1: Called Strike 1-2: Strikes out swinging
|
|
Batting: LHB Jack Christie
|
0-0: Called Strike 0-1: Foul Ball, location: 2F 0-2: Ball 1-2: Fly out, F9 (Flyball, 89M, EV 91.9 MPH)
|
| Bottom of the 1st over - 0 runs, 0 hits, 0 errors, 0 left on base; Chicago 0 - Houston 0 |
| TOP OF THE 2ND |
|
Chicago White Sox batting - Pitching for Houston Astros : LHP Mat Pear
|
|
Batting: RHB Joseph Disepolo
|
0-0: Fly out, F8 (Flyball, 89D, EV 96.2 MPH)
|
|
Batting: RHB Dietmar Warmisch
|
0-0: Ball 1-0: Ball 2-0: Foul Ball, location: 2F 2-1: Ball 3-1: Called Strike 3-2: Strikes out swinging, 2-3 out at first.
|
|
Batting: RHB Leo Navarro
|
0-0: Swinging Strike 0-1: Foul Ball, location: 2F 0-2: Strikes out swinging
|
| Top of the 2nd over - 0 runs, 0 hits, 0 errors, 0 left on base; Chicago 0 - Houston 0 |
| BOTTOM OF THE 2ND |
|
Houston Astros batting - Pitching for Chicago White Sox : RHP Adam Ratcliff
|
|
Batting: RHB Elijah Hunter
|
0-0: Ball 1-0: Ball 2-0: Ball 3-0: Called Strike 3-1: Called Strike 3-2: Foul Ball, location: 2F 3-2: Strikes out looking
|
|
Batting: LHB Eric Katz
|
0-0: Called Strike 0-1: Ball 1-1: Ball 2-1: SOLO HOME RUN (Flyball, 9LD, EV 93.1 MPH), Distance : 355 ft
|
|
Batting: RHB Eric Chotkowski
|
0-0: Called Strike 0-1: Foul Ball, location: 2F 0-2: Foul Ball, location: 2F 0-2: Ball 1-2: Foul Ball, location: 2F 1-2: SINGLE (Groundball, 6MD, EV 96.2 MPH)
|
|
Batting: SHB Joe Gardner
|
0-0: Ball 1-0: Swinging Strike 1-1: Ball 2-1: Foul Ball, location: 2F 2-2: Fly out, F7 (Line Drive, 78M, EV 86.2 MPH)
|
|
Batting: LHB Bryce Hill
|
0-0: Ball 1-0: Ball 2-0: Called Strike 2-1: Called Strike 2-2: Strikes out looking
|
| Bottom of the 2nd over - 1 run, 2 hits, 0 errors, 1 left on base; Chicago 0 - Houston 1 |
| TOP OF THE 3RD |
|
Chicago White Sox batting - Pitching for Houston Astros : LHP Mat Pear
|
|
Batting: RHB Brad Boals
|
0-0: Ground out 6-3 (Groundball, 6, EV 83.1 MPH)
|
|
Batting: RHB Chris Cooper
|
0-0: Ball 1-0: Called Strike 1-1: Foul Ball, location: 2F 1-2: Foul Ball, location: 2F 1-2: Ball 2-2: Foul Ball, location: 2F 2-2: Foul Ball, location: 2F 2-2: Ball 3-2: Strikes out swinging
|
|
Batting: SHB Veit Geisler
|
0-0: Ball 1-0: Swinging Strike 1-1: Ground out 3-1 (Groundball, 34, EV 78.8 MPH)
|
| Top of the 3rd over - 0 runs, 0 hits, 0 errors, 0 left on base; Chicago 0 - Houston 1 |
| BOTTOM OF THE 3RD |
|
Houston Astros batting - Pitching for Chicago White Sox : RHP Adam Ratcliff
|
|
Batting: SHB Ryan Chicoine
|
0-0: Called Strike 0-1: Swinging Strike 0-2: Ball 1-2: Strikes out looking
|
|
Batting: LHB Josh Corkery
|
0-0: Ball 1-0: Ball 2-0: Called Strike 2-1: DOUBLE (Flyball, 8LXD, EV 97.5 MPH)
|
|
Batting: RHB Jeremy Trump
|
0-0: Ball 1-0: Foul Ball, location: 2F 1-1: Ball 2-1: Swinging Strike 2-2: Strikes out swinging
|
|
Batting: LHB Jack Christie
|
0-0: Ball 1-0: Called Strike 1-1: Ball 2-1: Ball 3-1: Fly out, F8 (Flyball, 8LXD, EV 88.1 MPH)
|
| Bottom of the 3rd over - 0 runs, 1 hit, 0 errors, 1 left on base; Chicago 0 - Houston 1 |
| TOP OF THE 4TH |
|
Chicago White Sox batting - Pitching for Houston Astros : LHP Mat Pear
|
|
Batting: RHB Dieter Knoops
|
0-0: Called Strike 0-1: Ball 1-1: Ground out 5-3 (Groundball, 5L, EV 98.1 MPH)
|
|
Batting: SHB Marvin McAleer
|
0-0: Called Strike 0-1: Ball 1-1: TRIPLE (Flyball, 9LD, EV 105.6 MPH)
|
|
Batting: LHB Randy Rosenberry
|
0-0: Foul Ball, location: 2F 0-1: Foul Ball, location: 2F 0-2: Ball 1-2: 2-RUN HOME RUN (Line Drive, 7D, EV 108.1 MPH), Distance : 431 ft
|
|
Batting: RHB Joseph Disepolo
|
0-0: Called Strike 0-1: DOUBLE (Line Drive, 89D, EV 112.5 MPH)
|
|
Batting: RHB Dietmar Warmisch
|
0-0: Ground out 4-3 (Groundball, 4, EV 85.0 MPH) Joseph Disepolo to third
|
|
Batting: RHB Leo Navarro
|
0-0: Ground out 6-3 (Groundball, 6, EV 100.6 MPH)
|
| Top of the 4th over - 2 runs, 3 hits, 0 errors, 1 left on base; Chicago 2 - Houston 1 |
| BOTTOM OF THE 4TH |
|
Houston Astros batting - Pitching for Chicago White Sox : RHP Adam Ratcliff
|
|
Batting: RHB Elijah Hunter
|
0-0: Foul Ball, location: 2F 0-1: Swinging Strike 0-2: Fly out, F8 (Flyball, 89D, EV 81.9 MPH)
|
|
Batting: LHB Eric Katz
|
0-0: Ball 1-0: Ball 2-0: Called Strike 2-1: Ground out 4-3 (Groundball, 4M, EV 108.8 MPH)
|
|
Batting: RHB Eric Chotkowski
|
0-0: Ground out 4-3 (Groundball, 4S, EV 81.9 MPH)
|
| Bottom of the 4th over - 0 runs, 0 hits, 0 errors, 0 left on base; Chicago 2 - Houston 1 |
| TOP OF THE 5TH |
|
Chicago White Sox batting - Pitching for Houston Astros : LHP Mat Pear
|
|
Now in LF: Jimmy Edlin
|
|
|
Batting: RHB Brad Boals
|
0-0: Ball 1-0: Called Strike 1-1: Foul Ball, location: 2F 1-2: Foul Ball, location: 2F 1-2: Ground out 6-3 (Groundball, P, EV 86.2 MPH)
|
|
Batting: RHB Chris Cooper
|
0-0: Called Strike 0-1: Ball 1-1: Ball 2-1: Called Strike 2-2: Strikes out looking
|
|
Batting: SHB Veit Geisler
|
0-0: Ball 1-0: Ball 2-0: Ball 3-0: Called Strike 3-1: Ground out 3-1 (Groundball, 34, EV 103.1 MPH)
|
| Top of the 5th over - 0 runs, 0 hits, 0 errors, 0 left on base; Chicago 2 - Houston 1 |
| TOP OF THE 6TH |
|
Chicago White Sox batting - Pitching for Houston Astros : LHP Mat Pear
|
|
Pinch Hitting: SHB Alfie Bungledorf
|
0-0: Called Strike 0-1: Ground out 5-3 (Groundball, 56, EV 81.9 MPH)
|
|
Pinch Hitting: LHB Angel Tellez
|
0-0: Fly out, F7 (Flyball, 7S, EV 95.0 MPH)
|
|
Batting: RHB Jon Solano
|
0-0: Called Strike 0-1: Ground out 5-3 (Groundball, 56, EV 91.2 MPH)
|
| Top of the 6th over - 0 runs, 0 hits, 0 errors, 0 left on base; Chicago 2 - Houston 1 |
| BOTTOM OF THE 6TH |
|
Houston Astros batting - Pitching for Chicago White Sox : LHP Steven Wolf
|
|
Pitching: RHP Tommy Benedict
|
|
|
Now at 3B: Alfie Bungledorf
|
|
|
Now in RF: John Thurman
|
|
|
Pinch Hitting: RHB Danny Merrill
|
0-0: Foul Ball, location: 2F 0-1: Called Strike 0-2: Ball 1-2: Ball 2-2: Strikes out swinging
|
|
Batting: RHB Jeremy Trump
|
0-0: Ball 1-0: Called Strike 1-1: Foul Ball, location: 2F 1-2: Strikes out swinging
|
|
Pinch Hitting: SHB Paskar Adegoke
|
0-0: Ball 1-0: Ball 2-0: Called Strike 2-1: Ball 3-1: Called Strike 3-2: Strikes out swinging
|
| Bottom of the 6th over - 0 runs, 0 hits, 0 errors, 0 left on base; Chicago 2 - Houston 1 |
| TOP OF THE 7TH |
|
Chicago White Sox batting - Pitching for Houston Astros : LHP Mat Pear
|
|
Now at 1B: Paskar Adegoke
|
|
|
Now at 2B: Danny Merrill
|
|
|
Now at SS: Jeremy Trump
|
|
|
Batting: RHB Joseph Disepolo
|
0-0: Ball 1-0: Called Strike 1-1: Foul Ball, location: 2F 1-2: Strikes out swinging
|
|
Batting: RHB Dietmar Warmisch
|
0-0: Ball 1-0: Ball 2-0: Called Strike 2-1: Foul Ball, location: 2F 2-2: Strikes out swinging
|
|
Batting: LHB Ricardo Pagan
|
0-0: Ball 1-0: Fly out, F8 (Flyball, 8RXD, EV 94.4 MPH)
|
| Top of the 7th over - 0 runs, 0 hits, 0 errors, 0 left on base; Chicago 2 - Houston 1 |
| BOTTOM OF THE 7TH |
|
Houston Astros batting - Pitching for Chicago White Sox : RHP Tommy Benedict
|
|
Pitching: LHP Rhett Beers
|
|
|
Now at 3B: Micah Brown
|
|
|
Now at SS: Alfie Bungledorf
|
|
|
Batting: RHB Elijah Hunter
|
0-0: Called Strike 0-1: Ground out 6-3 (Groundball, 6MD, EV 106.2 MPH)
|
|
Batting: LHB Jimmy Edlin
|
0-0: Foul Ball, location: 2F 0-1: Foul Ball, location: 2F 0-2: Strikes out swinging
|
|
Batting: RHB Eric Chotkowski
|
0-0: Ball 1-0: Foul Ball, location: 2F 1-1: Ball 2-1: Fly out, F9 (Flyball, 9D, EV 100.6 MPH)
|
| Bottom of the 7th over - 0 runs, 0 hits, 0 errors, 0 left on base; Chicago 2 - Houston 1 |
| TOP OF THE 8TH |
|
Chicago White Sox batting - Pitching for Houston Astros : LHP Mat Pear
|
|
Pitching: LHP Curt Joseph
|
|
|
Batting: RHB Jeremy Hoffert
|
0-0: Called Strike 0-1: Ball 1-1: Called Strike 1-2: Ball 2-2: Foul Ball, location: 2F 2-2: Ball 3-2: Strikes out swinging
|
|
Batting: LHB Justin Stickney
|
0-0: Ground out U3 (Groundball, 3L, EV 80.0 MPH)
|
|
Batting: RHB Kikuo Sato
|
0-0: Called Strike 0-1: Ball 1-1: Called Strike 1-2: Foul Ball, location: 2F 1-2: SINGLE (Line Drive, 8RS, EV 110.6 MPH)
|
|
Batting: SHB Alfie Bungledorf
|
0-0: Ground out 5-3 (Groundball, 5L, EV 106.9 MPH)
|
| Top of the 8th over - 0 runs, 1 hit, 0 errors, 1 left on base; Chicago 2 - Houston 1 |
| BOTTOM OF THE 8TH |
|
Houston Astros batting - Pitching for Chicago White Sox : LHP Rhett Beers
|
|
Pitching: RHP Jesus Griego
|
|
|
Batting: SHB Joe Gardner
|
0-0: Ball 1-0: Ball 2-0: Swinging Strike 2-1: Foul Ball, location: 2F 2-2: Foul Ball, location: 2F 2-2: Strikes out swinging passed ball, reaches first!
|
|
Batting: LHB Bryce Hill
|
0-0: Sac Bunt to 5S - play at first, batter OUT! 5-3 Joe Gardner to second
|
|
Batting: SHB Ryan Chicoine
|
0-0: Foul Ball, location: 2F 0-1: Ball 1-1: Foul Ball, location: 2F 1-2: Ball 2-2: Ground out 6-3 (Groundball, 6, EV 96.9 MPH)
|
|
Batting: RHB Danny Merrill
|
0-0: Ball 1-0: Called Strike 1-1: Foul Ball, location: 2F 1-2: Ball 2-2: Ball 3-2: Base on Balls
|
|
Batting: RHB Jeremy Trump
|
0-0: Called Strike 0-1: Foul Ball, location: 2F 0-2: Strikes out looking
|
| Bottom of the 8th over - 0 runs, 0 hits, 0 errors, 2 left on base; Chicago 2 - Houston 1 |
| TOP OF THE 9TH |
|
Chicago White Sox batting - Pitching for Houston Astros : LHP Curt Joseph
|
|
Pitching: RHP Aaron Shapiro
|
|
|
Batting: LHB John Thurman
|
0-0: Fly out, F9 (Flyball, 9, EV 90.0 MPH)
|
|
Batting: RHB Jon Solano
|
0-0: Called Strike 0-1: Foul Ball, location: 2F 0-2: Ball 1-2: Ball 2-2: Foul Ball, location: 2F 2-2: Strikes out looking
|
|
Batting: RHB Micah Brown
|
0-0: Ball 1-0: Foul Ball, location: 2F 1-1: Called Strike 1-2: Foul Ball, location: 2F 1-2: Ball 2-2: Fly out, F7 (Flyball, 7D, EV 101.2 MPH)
|
| Top of the 9th over - 0 runs, 0 hits, 0 errors, 0 left on base; Chicago 2 - Houston 1 |
| BOTTOM OF THE 9TH |
|
Houston Astros batting - Pitching for Chicago White Sox : RHP Jesus Griego
|
|
Pitching: RHP Riso Profanter
|
|
|
Batting: SHB Paskar Adegoke
|
0-0: Ball 1-0: Foul Ball, location: 2F 1-1: Foul Ball, location: 2F 1-2: Ball 2-2: Ball 3-2: SOLO HOME RUN (Flyball, 9D, EV 99.4 MPH), Distance : 381 ft
|
|
Batting: RHB Elijah Hunter
|
0-0: Called Strike 0-1: Swinging Strike 0-2: Ground out 6-3 (Groundball, 6MS, EV 92.5 MPH)
|
|
Batting: LHB Jimmy Edlin
|
0-0: Ball 1-0: Ball 2-0: Swinging Strike 2-1: Foul Ball, location: 2F 2-2: Foul Ball, location: 2F 2-2: Strikes out looking
|
|
Batting: RHB Eric Chotkowski
|
0-0: Fly out, F9 (Line Drive, 9LM, EV 108.8 MPH)
|
| Bottom of the 9th over - 1 run, 1 hit, 0 errors, 0 left on base; Chicago 2 - Houston 2 |
| TOP OF THE 10TH |
|
Chicago White Sox batting - Pitching for Houston Astros : RHP Aaron Shapiro
|
|
Pitching: RHP Juan Estrada
|
|
|
Batting: RHB Dietmar Warmisch
|
0-0: Ball 1-0: Ball 2-0: Called Strike 2-1: Foul Ball, location: 2F 2-2: Foul Ball, location: 2F 2-2: Strikes out swinging
|
|
Batting: LHB Ricardo Pagan
|
0-0: Ball 1-0: DOUBLE (Groundball, 3L, EV 94.4 MPH)
|
|
Pitching: RHP Bill Couch
|
|
|
Batting: RHB Jeremy Hoffert
|
0-0: Ball 1-0: Ball 2-0: Ball 3-0: Called Strike 3-1: Foul Ball, location: 2F 3-2: Ground out 2-3 (Groundball, 2R, EV 66.2 MPH) Ricardo Pagan to third
|
|
Batting: LHB Justin Stickney
|
0-0: Intentional Walk
|
|
Batting: RHB Kikuo Sato
|
0-0: Called Strike 0-1: Ball 1-1: Called Strike 1-2: Ball 2-2: Strikes out swinging
|
| Top of the 10th over - 0 runs, 1 hit, 0 errors, 2 left on base; Chicago 2 - Houston 2 |
| BOTTOM OF THE 10TH |
|
Houston Astros batting - Pitching for Chicago White Sox : RHP Riso Profanter
|
|
Pitching: RHP Ryan Columbo
|
|
|
Batting: SHB Joe Gardner
|
0-0: Ball 1-0: Ball 2-0: Ball 3-0: Base on Balls
|
|
Batting: LHB Bryce Hill
|
0-0: Called Strike 0-1: Foul Ball, location: 2F 0-2: 2-RUN HOME RUN (Flyball, 89XD, EV 98.8 MPH), Distance : 411 ft
|
| Bottom of the 10th over - 2 runs, 1 hit, 0 errors, 0 left on base; Chicago 2 - Houston 4 |
|